cohdb
Replays
Latest Replays
All Replays
Popular Replays
Top Player Replays
Match Explorer
How It Works
Community
CoH3 Stats
Reddit
Sign in to upload your games and track your stats! →
Sign in with Steam
Match 34908184
Unlisted
Match 34908184
Overview
Messages
Build Orders
End
Vickers Machine Gun Team
Construct Section Command Post
Dingo Light Scout Car
Infantry Section
Infantry Section
Construct Platoon Command Post
Humber Armored Car
Royal Engineer Section
Selects Heavy Armor Battlegroup
Selects Engineer Detachments
Selects Crusader AA Medium Tank
Crusader AA Medium Tank
6-pounder Anti-tank Gun Team
Construct Company Command Post
Foot Guards Section
Infantry Training
Unlock M3 Grant Medium Tanks
Team Weapon Training
Selects UNKNOWN (2162094)
Churchill IV Heavy Tank
Selects Light Vehicle Withdraw and Refit
Selects Forward Repair Assembly
Selects Recon Artillery
Recon Artillery
CMP 15cwt Truck
Armored Vehicle Training
crywo1f
伊格尼兹
Medizinstudent
Mental
Ciallo~
ALFATHER OF SPEED
thebigkarsky
Camel
0
0
Comments
sign in to comment!
No comments posted yet!